 Dungeon Crawl Stone Soup version 0.28-a0-1594-ga885d4b3d6 (webtiles) character file.

Game seed: 15319228961999120578

6675 lunkers the Zephyrmancer (level 10, -1/50 HPs)
             Began as a Deep Elf Air Elementalist on Jan 20, 2022.
             Was a Believer of Sif Muna.
             Succumbed to a cane toad's poison
             ... on level 9 of the Dungeon.
             The game lasted 00:13:21 (12945 turns).

lunkers the Zephyrmancer (DEAE)                    Turns: 12945, Time: 00:13:22

Health: -1/50      AC:  5    Str:  5    XL:     10   Next: 73%
Magic:  1/28       EV: 11    Int: 31    God:    Sif Muna [**....]
Gold:   374        SH:  5    Dex: 15    Spells: 14/33 levels left

rFire   . . .      SeeInvis .   u - +4 quarterstaff (chaos)
rCold   . . .      Faith    .   (shield currently unavailable)
rNeg    . . .      Spirit   .   z - +0 leather armour {rPois}
rPois   +          Reflect  +   x - +0 helmet
rElec   .          Harm     .   v - +0 cloak
rCorr   .          Rampage  .   (no gloves)
Will    +....                   (no boots)
Stlth   ++........              r - amulet of reflection
HPRegen 0.16/turn               f - ring of wizardry
MPRegen 0.21/turn               q - +6 ring of intelligence

@: lethally poisoned (-1 -> -20)
A: no striking features
a: Renounce Religion, Channel Magic


You were on level 9 of the Dungeon.
You worshipped Sif Muna.
Sif Muna was pleased with you.
You visited 2 branches of the dungeon, and saw 10 of its levels.

You collected 374 gold pieces.

Inventory:

Hand Weapons
 e - a +2 dagger of draining
 u - a +4 quarterstaff of chaos (weapon)
Armour
 a - a +0 robe
 v - a +0 cloak (worn)
 x - a +0 helmet (worn)
 z - a +0 leather armour of poison resistance (worn)
 E - +0 acid dragon scales
Jewellery
 f - a ring of wizardry (left hand)
 q - a +6 ring of intelligence (right hand)
 r - an amulet of reflection (around neck)
 A - an amulet of the acrobat
 G - a ring of resist corrosion
 I - a ring of wizardry
Wands
 d - a wand of iceblast (3)
 w - a wand of paralysis (18)
 D - a wand of flame (16)
 F - a wand of acid (9)
Scrolls
 b - 2 scrolls of immolation {unknown}
 g - 5 scrolls of teleportation {unknown}
 h - 2 scrolls of holy word {unknown}
 i - 5 scrolls of identify {unknown}
 k - 2 scrolls of enchant armour {unknown}
 l - 2 scrolls of torment {unknown}
 n - 2 scrolls of brand weapon {unknown}
 p - 4 scrolls of noise {unknown}
 y - 3 scrolls of silence {unknown}
 J - a scroll of amnesia {unknown}
Potions
 c - a potion of might {unknown}
 j - a potion of heal wounds
 m - a potion of attraction {unknown}
 o - 3 potions of degeneration {unknown}
 s - a potion of brilliance {unknown}
 t - a potion of haste {unknown}
 B - a potion of magic {unknown}
 C - 2 potions of ambrosia {unknown}
 H - a potion of cancellation {unknown}


   Skills:
 - Level 2.4 Dodging
 - Level 2.4 Stealth
 + Level 12.1 Spellcasting
 - Level 2.8 Conjurations
 * Level 13.0 Air Magic
 - Level 5.0 Invocations


You had 14 spell levels left.
You knew the following spells:

 Your Spells              Type           Power      Damage    Failure   Level
a - Airstrike             Air            39%        N/A       1%          4
b - Static Discharge      Conj/Air       61%        N/A       1%          2
c - Lightning Bolt        Conj/Air       30%        1d47      1%          5
d - Shock                 Conj/Air       100%       1d9       1%          1
e - Summon Lightning Spi  Summ/Air       56%        N/A       1%          4
p - Swiftness             Air            78%        N/A       1%          3

Your spell library contained the following spells:

 Spells                   Type           Power      Damage    Failure   Level
 Animate Skeleton         Necr           36%        N/A       1%          1
 Apportation              Tloc           36%        N/A       1%          1
 Summon Small Mammal      Summ           72%        N/A       1%          1


Dungeon Overview and Level Annotations

Branches:
Dungeon (9/15)             Temple (0/1) D:5            Lair (1/6) D:9
    Orc: D:9-12

Altars:
Gozag
Kikubaaqudgha
Makhleb
Nemelex Xobeh
Sif Muna
Xom
Yredelemnul
Zin
The Shining One
Jiyva

Shops:
D:1 !

Annotations:
D:8 2 transporters


Message History

The cane toad croaks.
A bullfrog comes into view.
The cane toad stings you!!
* * * LOW HITPOINT WARNING * * *
There is a staircase back to the Dungeon, spattered with blood here.
The cane toad closely misses you.
You climb upwards.
Welcome back to the Dungeon!
There is a staircase to the Lair here.
Unknown command.
Casting: Airstrike (safe; 1% risk of failure)
Confirm with . or Enter, or press ? or * to list all spells.
Aiming: Airstrike (safe; 1% risk of failure)
Press: ? - help, Dir - move target, f - cane toad
Aim: a cane toad (empty space bonus: 5/8)
The air twists around and strikes the cane toad!
The cane toad is heavily wounded.
The cane toad stings you!
* * * LOW HITPOINT WARNING * * *
Casting: Airstrike (safe; 1% risk of failure)
Confirm with . or Enter, or press ? or * to list all spells.
Aiming: Airstrike (safe; 1% risk of failure)
Press: ? - help, Dir - move target, f/p - cane toad
Aim: a cane toad (heavily wounded, empty space bonus: 5/8)
The air twists around and strikes the cane toad!
The cane toad is severely wounded.
* * * LOW MAGIC WARNING * * *
The cane toad stings you.
* * * LOW HITPOINT WARNING * * *
You are lethally poisoned!
The cane toad poisons you!
Casting: Airstrike (safe; 1% risk of failure)
Confirm with . or Enter, or press ? or * to list all spells.
Aiming: Airstrike (safe; 1% risk of failure)
Press: ? - help, Dir - move target, f/p - cane toad
Aim: a cane toad (severely wounded, empty space bonus: 5/8)
The air twists around and strikes the cane toad!
You kill the cane toad!
Sif Muna accepts your kill.
* * * LOW MAGIC WARNING * * *
You die...

.#...........P.P...P......####...
.#.........P..P.......####...#...
.#....##..........P......#.#.#...
##.............P.P.P....##...####
...######.........P.....#........
...#...........PP..P....#..#..##.
##.#.........P......P...#........
...#.##.P...P..P†.P..PP...######.
..####..........@P.P..P.#.#....'.
..# #<...P.........PP.P..######.
..# #.#......P.P..P....### #. ..#
#.#...P.....P..PPP.# #. ..#
#......P..P...P...## #.
#########.P............### #.
..............P...P..P...# #.
...............P.......#.# #.
............P....P...#.#.# #.


There were no monsters in sight!

Vanquished Creatures
  A cane toad (D:9)
  A komodo dragon (Lair:1)
  A hornet (D:9)
  2 wyverns
  A wraith (D:9)
  6 yaks
  A basilisk (Lair:1)
  Grum (Lair:1)
  A steam dragon (D:9)
  An acid dragon (D:8)
  2 water moccasins (D:9)
  4 black bears (D:9)
  7 orc warriors
  2 ice beasts
  2 sky beasts
  An ogre (D:7)
  3 centaurs
  2 wolves (Lair:1)
  2 kobold brigands
  6 bullfrogs
  7 scorpions
  A wyvern skeleton (D:7)
  3 water moccasin skeletons
  5 killer bees (D:9)
  2 centaur zombies
  5 hounds
  Crazy Yiuf (D:4)
  3 orc priests
  3 centaur skeletons
  4 iguanas
  Jessica (D:3)
  A bullfrog skeleton (D:6)
  8 orc wizards
  2 howler monkey zombies
  6 adders
  2 shadow imps
  5 worms
  37 orcs
  5 ball pythons
  4 bats
  8 endoplasms
  4 giant cockroaches
  8 goblins
  7 hobgoblins
  10 kobolds
  5 quokkas
  A frilled lizard (D:2)
  6 rats
201 creatures vanquished.

Vanquished Creatures (others)
  An ufetubus (D:5)
  An orc (D:5)
  34 fungi
  46 plants
82 creatures vanquished.

Grand Total: 283 creatures vanquished

Notes
Turn   | Place    | Note
-------+----------+-------------------------------------------
     0 | D:1      | lunkers the Deep Elf Air Elementalist began the quest for
                  | the Orb.
     0 | D:1      | Reached XP level 1. HP: 10/10 MP: 6/6
   232 | D:1      | Found Peonysu's Distillery.
   368 | D:1      | Reached XP level 2. HP: 15/15 MP: 6/8
  1173 | D:1      | Found a faded altar of an unknown god.
  1354 | D:2      | Reached XP level 3. HP: 19/19 MP: 7/9
  1589 | D:2      | Learned a level 2 spell: Static Discharge
  1593 | D:2      | Learned a level 3 spell: Swiftness
  2281 | D:3      | Noticed Jessica
  2285 | D:3      | Killed Jessica
  2286 | D:3      | Reached XP level 4. HP: 18/24 MP: 6/11
  2297 | D:2      | Learned a level 4 spell: Airstrike
  2451 | D:3      | Found an ancient bone altar of Kikubaaqudgha.
  2453 | D:3      | Found a glowing golden altar of the Shining One.
  2459 | D:3      | Found a shimmering blue altar of Sif Muna.
  2503 | D:3      | Reached skill level 4 in Air Magic
  3135 | D:4      | Found a shimmering altar of Xom.
  3346 | D:4      | Reached XP level 5. HP: 28/28 MP: 4/13
  3823 | D:3      | Became a worshipper of Sif Muna the Loreminder
  3929 | D:4      | Reached skill level 5 in Air Magic
  4018 | D:4      | Reached skill level 5 in Spellcasting
  4018 | D:4      | Reached XP level 6. HP: 32/32 MP: 2/15
  4360 | D:4      | Found a runed translucent door.
  4361 | D:4      | Noticed Crazy Yiuf
  4612 | D:4      | Killed Crazy Yiuf
  4707 | D:5      | Entered Level 5 of the Dungeon
  4782 | D:5      | Found a staircase to the Ecumenical Temple.
  4802 | D:5      | Reached skill level 6 in Air Magic
  5217 | D:5      | Reached XP level 7. HP: 36/36 MP: 8/18
  5837 | D:6      | Reached skill level 7 in Air Magic
  6256 | D:6      | Reached XP level 8. HP: 41/41 MP: 3/21
  6367 | D:6      | Reached skill level 8 in Air Magic
  6647 | D:6      | Found a sparkling altar of Nemelex Xobeh.
  6806 | D:6      | Reached skill level 9 in Air Magic
  6812 | D:6      | Reached * piety under Sif Muna
  8283 | D:7      | Reached skill level 10 in Air Magic
  8283 | D:7      | Reached XP level 9. HP: 45/45 MP: 4/24
  9054 | D:7      | Found an opulent altar of Gozag.
  9239 | D:7      | Found a basalt altar of Yredelemnul.
  9315 | D:8      | Found a viscous altar of Jiyva.
  9374 | D:8      | Found a transporter.
  9375 | D:8      | Found a transporter.
  9535 | D:8      | Found a burning altar of Makhleb.
  9775 | D:8      | Reached skill level 10 in Spellcasting
  9856 | D:8      | Reached skill level 11 in Air Magic
  9856 | D:8      | Reached skill level 1 in Invocations
 10664 | D:9      | Found a staircase to the Lair.
 10772 | D:9      | Reached XP level 10. HP: 50/50 MP: 8/26
 10891 | D:9      | Reached ** piety under Sif Muna
 11790 | D:9      | Reached skill level 12 in Air Magic
 12078 | D:9      | Found a glowing silver altar of Zin.
 12490 | D:9      | Learned a level 5 spell: Lightning Bolt
 12495 | D:9      | Learned a level 4 spell: Summon Lightning Spire
 12521 | Lair:1   | Entered Level 1 of the Lair of Beasts
 12630 | Lair:1   | Reached skill level 5 in Invocations
 12926 | Lair:1   | Noticed Grum
 12927 | Lair:1   | Killed Grum
 12930 | Lair:1   | Reached skill level 13 in Air Magic
 12935 | Lair:1   | Noticed a cane toad
 12945 | D:9      | Killed a cane toad
 12945 | D:9      | Succumbed to a cane toad's poison

Illustrated notes

Levels and vault maps discovered:
D:1:      lightli_arrival_boilingwater, layout_loops_corners,
          dreamdust_ecumenical_altar_angels_and_demons, serial_shops, shop
D:2:      layout_loops_ring
D:3:      layout_rooms, minitemple, uniq_jessica
D:4:      layout_basic, mainiacjoe_overflow_chevrons, interstate_on_off,
          uniq_crazy_yiuf_cottage
D:5:      layout_basic, minmay_temple_entry_stoned_glass, lemuel_flamethrower_2
D:6:      layout_basic, nemelex_xobeh_ov_fountains_minmay, gup_sewer_entry_bowl,
          serial_rivers, chequers_serial_rivers_marsh,
          chequers_serial_rivers_large_b, chequers_serial_rivers_micro_c,
          chequers_serial_rivers_micro_b, chequers_serial_rivers_small_b,
          chequers_serial_rivers_micro_e, amcnicky_mini_corridor_feature,
          corexii_corridor_pit
D:7:      nicolae_BIG_FREAKIN_CUBE, layout_rooms, marbit_many_paths,
          mainiacjoe_overflow_alcove_4, kennysheep_small_circle
D:8:      gammafunk_jiyva_shrine, layout_gridville, makhleb_blood_cavern_becter
D:9:      layout_stronghold, mainiacjoe_overflow_tiny_flanked,
          due_lair_maze_entry_diamond, corexii_leaking_fountain
Lair:1:   layout_regular_city, infiniplex_staircase_pool_2, grunt_megastairs_2,
          serial_bayou_shore_b, uniq_grum

Skill      XL: |  1  2  3  4  5  6  7  8  9 10 |
---------------+-------------------------------+-----
Conjurations   | 2 |  2.8
Air Magic      | 4 5 6 7 10 11 13 | 13.0
Spellcasting   | 4 5 6 7 9 10 12 | 12.1
Invocations    | 3 5 |  5.0
Dodging        | |  2.4
Stealth        | |  2.4

Action                   |  1- 3 |  4- 6 |  7- 9 | 10-12 || total
-------------------------+-------+-------+-------+-------++-------
Melee: Dagger            |     1 |     2 |       |       ||     3
       Quarterstaff      |       |       |    37 |     2 ||    39
 Cast: Shock             |    70 |     2 |       |       ||    72
       Static Discharge  |     4 |     3 |     4 |     1 ||    12
       Airstrike         |       |    51 |   129 |    58 ||   238
       Swiftness         |       |       |     2 |       ||     2
       Lightning Bolt    |       |       |       |     5 ||     5
Evoke: Wand              |       |       |     7 |       ||     7
  Use: Potion            |       |       |     1 |       ||     1
 Stab: Sleeping          |     1 |       |       |       ||     1
Armor: Robe              |     2 |       |     4 |       ||     6
       Leather armour    |       |       |    10 |     1 ||    11
Dodge: Dodged            |     6 |     4 |    41 |     5 ||    56
Block: Other             |       |       |    13 |     1 ||    14
       Reflection        |       |       |     1 |       ||     1

Table legend: (Time is in decaauts)
 A = Elapsed time spent in this place.
 B = Non-inter-level travel time spent in this place.
 C = Inter-level travel time spent in this place.
 D = Time resting spent in this place.
 E = Time spent auto-exploring this place.
 F = Levels seen in this place.
 G = Mean time per level.
                   A        B        C        D        E       F      G
               +--------+--------+--------+--------+--------+-----+--------+
         Total |  13002 |  12558 |    444 |    481 |  11060 |  10 | 1300.2 |
       Dungeon |  12799 |  12356 |    443 |    345 |  11040 |   9 | 1422.1 |
          Lair |    202 |    202 |      0 |    136 |     20 |   1 |  202.0 |
               +--------+--------+--------+--------+--------+-----+--------+

Top non-repeatable levels by time:
     D:9: 2531 daAuts
     D:6: 1858 daAuts
     D:7: 1702 daAuts
     D:4: 1520 daAuts
     D:1: 1236 daAuts
     D:2: 1101 daAuts
     D:5: 1077 daAuts
     D:8: 920 daAuts
     D:3: 849 daAuts
  Lair:1: 202 daAuts
